AoeStats
← Cofla22

Arabia

503507035Analyzed
1v1 RM · 1mo ago on Sep 1, 2026· 46m 59s· 2 players
Game mode
Random Map
Map size
Tiny (2 player)
Population
200
Speed
Normal
Resources
Standard
Victory
Conquest
Starting age
Dark Age
Ending age
Imperial Age
RankedLock teamsTeams togetherTeam positionsShared explorationLock speedFull tech treeHidden civsTurbo modeCheats
Victory
Defeat
🇦🇷 Hindustanis · Argentina
1023
+17
🇨🇳 Ethiopians · China
1045
-17
Cofla22
4:46 Loom
6:44 Loom
9:28 Feudal Age
10:22 Double-Bit Axe
15:24 Horse Collar
16:45 Wheelbarrow
21:17 Castle Age
20:21 Forging
20:16 Scale Barding Armor
21:17 Bloodlines
21:15 Gold Mining
21:16 Stone Mining
22:30 Bow Saw
23:37 Iron Casting
23:23 Chain Barding Armor
25:34 Husbandry
27:36 Hand Cart
32:01 Heavy Plow
34:48 Imperial Age
32:53 Fletching
33:03 Padded Archer Armor
33:53 Thumb Ring
33:09 Elite Skirmisher
35:50 Bodkin Arrow
36:21 Leather Archer Armor
38:08 Heavy Camel Rider
41:09 Imperial Camel Rider
44:43 Ballistics
45:24 Chemistry
Wawrinka
9:29 Loom
11:17 Feudal Age
16:46 Castle Age
18:53 Horse Collar
19:00 Double-Bit Axe
24:38 Heavy Plow
26:12 Fletching
27:01 Ballistics
27:15 Gold Mining
28:13 Bodkin Arrow
30:13 Bow Saw
34:40 Imperial Age
32:54 Wheelbarrow
32:28 Crossbowman
33:12 Padded Archer Armor
34:15 Squires
34:18 Scale Mail Armor
36:21 Chemistry
35:31 Arbalester
36:22 Thumb Ring
36:19 Bracer
37:47 Siege Engineers
37:39 Murder Holes
38:23 Chain Mail Armor
38:52 Conscription
38:07 Elite Skirmisher
43:17 Hand Cart
46:09 Leather Archer Armor
46:05 Forging
Connection lost

Rejoining the realm…

Still unreachable

The connection could not be restored.

Session expired

The server has moved on; the page needs a fresh start.